 Dungeon Crawl Stone Soup version 0.26-a0-651-gb41185065b (webtiles) character file.

Game seed: 716733788360802282

3360 Azzok the Grappler (level 9, 0/64 HPs)
             Began as a Demonspawn Fighter on Oct 10, 2020.
             Was a Follower of Makhleb.
             Slain by a komodo dragon (6 damage)
             ... on level 8 of the Dungeon.
             The game lasted 00:14:09 (8855 turns).

Azzok the Grappler (Demonspawn Fighter)             Turns: 8855, Time: 00:14:09

Health: 0/64       AC: 11    Str: 19    XL:     9   Next: 73%
Magic:  0/9        EV: 12    Int: 10    God:    Makhleb [*.....]
Gold:   543        SH: 15    Dex: 19    Spells: 8/8 levels left

rFire    + + .     SeeInvis .     - Unarmed
rCold    . . .     Faith    .   b - +0 kite shield
rNeg     . . .     Spirit   +   p - +2 ring mail {rF+}
rPois    .         Reflect  +   h - +2 hat
rElec    .         Harm     .   (no cloak)
rCorr    .         Rampage  .   (no gloves)
MR       .....                  (no boots)
Stlth    +.........             s - amulet of reflection
HPRegen  0.20/turn              z - +6 ring of dexterity
MPRegen  0.22/turn              H - +4 ring of evasion

@: no status effects
A: claws 1, yellow scales 1, fire resistance 1, magic shield, magic regeneration
a: Renounce Religion


You were on level 8 of the Dungeon.
You worshipped Makhleb.
Makhleb was aware of your devotion.
You visited 2 branches of the dungeon, and saw 9 of its levels.
You also visited: Sewer.

You collected 543 gold pieces.

Inventory:

Armour
 b - a +0 kite shield (worn)
 h - a +2 hat (worn)
 p - a +2 ring mail of fire resistance (worn)
Jewellery
 s - an amulet of reflection (around neck)
 z - a +6 ring of dexterity (left claw)
 D - a +6 ring of intelligence
 E - an uncursed amulet of regeneration {unknown}
 H - a +4 ring of evasion (right claw)
Wands
 q - a wand of enslavement (8)
 w - a wand of acid (10)
 y - a wand of flame (13)
 A - a wand of random effects (20)
Scrolls
 e - 4 scrolls of fog {unknown}
 g - a scroll of blinking
 i - 5 scrolls of noise {unknown}
 j - 4 scrolls of enchant weapon {unknown}
 k - 8 scrolls of remove curse {unknown}
 l - 3 scrolls of enchant armour {unknown}
 n - a scroll of vulnerability {unknown}
 t - 2 scrolls of magic mapping {unknown}
 u - 2 scrolls of amnesia {unknown}
 B - a scroll of acquirement {unknown}
 C - a scroll of fear {unknown}
 F - a scroll of immolation
 G - a scroll of teleportation {unknown}
Potions
 a - a potion of lignification
 c - 2 potions of might
 d - a potion of brilliance
 f - 4 potions of flight
 m - 2 potions of mutation {!q}
 o - 2 potions of resistance
 r - 5 potions of curing
 v - 2 potions of heal wounds
 x - 2 potions of haste


   Skills:
 + Level 3.4 Fighting
 + Level 3.1 Armour
 + Level 3.1 Shields
 + Level 12.2 Unarmed Combat


You had 8 spell levels left.
You didn't know any spells.
Your spell library contained the following spells:

 Spells                   Type           Power        Failure   Level
 Corona                   Hex            #......      96%         1
 Ensorcelled Hibernation  Hex/Ice        #.....       99%         2
 Confusing Touch          Hex            #.......     100%        3
 Dazzling Flash           Conj/Hex       #.....       100%        3
 Gell's Gravitas          Tloc           #.........   100%        3
 Tukima's Dance           Hex            #.......     100%        3
 Petrify                  Tmut/Erth      #.......     100%        4
 Metabolic Englaciation   Hex/Ice        #.........   100%        5
 Yara's Violent Unravell  Hex/Tmut       #.........   100%        5


Dungeon Overview and Level Annotations

Branches:
Dungeon (8/15)             Temple (1/1) D:6           Sewer (visited)
   Lair: D:8-11

Altars:
Ashenzari
Cheibriados
Dithmenos
Elyvilon
Fedhas
Gozag
Hepliaklqana
Kikubaaqudgha
Makhleb
Nemelex Xobeh
Okawaru
Qazlal
Ru
Sif Muna
Trog
Uskayaw
Vehumet
Wu Jian
Xom
Yredelemnul
Zin
The Shining One

Shops:
D:5 :

Annotations:
D:6 exclusion: statue


Innate Abilities, Weirdness & Mutations

You have sharp fingernails.
You are partially covered in yellow scales. (AC +2)
Your flesh is heat resistant. (rF+)
When hurt, damage is shared between your health and your magic reserves.
You regenerate magic rapidly.


Message History

The komodo dragon is splashed with acid.
The acid corrodes the komodo dragon!
The komodo dragon is heavily wounded.
The bolt of acid hits the orc!
The orc is splashed with acid.
You kill the orc!
Makhleb accepts your kill.
The komodo dragon is engulfed in a cloud of scalding steam.
The komodo dragon bites you!
You closely miss the komodo dragon.
The komodo dragon is severely wounded.
You block the komodo dragon's attack.
You scratch the komodo dragon but do no damage.
The komodo dragon is severely wounded.
The komodo dragon bites you!!
* * * LOW MAGIC WARNING * * *;
* * * LOW HITPOINT WARNING * * *
You closely miss the komodo dragon.
The komodo dragon is severely wounded.
The komodo dragon bites you!
* * * LOW MAGIC WARNING * * *
You die...

▒ ▒▒▒ ▒▒▒ ▒▒▒▒·▒▒▒·▒ ▒
▒·▒▒▒···▒▒▒▒ ·▒▒··
·····▒▒▒···▒▒▒ ▒▒▒
▒▒▒▒·▒···· ▒▒▒·▒▒
▒▒▒▒··▒▒▒·▒▒▒▒·········
▒▒▒
▒▒··§§▒▒▒··[·····▒▒·
▒▒·§·@l[····▒▒·▒·▒
▒▒▒▒▒▒▒)▒▒▒▒ ▒ ▒▒▒ ▒▒
▒▒▒▒ ▒· ···▒ ▒·▒▒····
▒▒▒······· ▒·········
▒▒▒·········
▒·····(····▒


You could see a komodo dragon (corroded).

Vanquished Creatures
  A komodo dragon (D:8)
  Grinder (D:4)
  Sigmund (D:2)
  2 wyverns
  A steam dragon (D:8)
  2 orc warriors
  An ice beast (D:5)
  4 sky beasts
  A phantom (Sewer)
  2 big kobolds (Sewer)
  3 bullfrogs (D:6)
  A wyvern skeleton (D:6)
  A howler monkey (D:8)
  2 bullfrog zombies
  A jelly (D:7)
  6 orc wizards
  2 orc priests
  3 hounds
  2 iguanas (D:6)
  Terence (D:2)
  Natasha (twice) (D:3)
  5 worker ants
  5 big kobold zombies (Sewer)
  2 hound skeletons (D:4)
  7 gnolls
  A howler monkey skeleton (D:4)
  17 adders
  2 river rats (D:5)
  2 shadow imps (Sewer)
  2 white imps (D:8)
  2 ufetubi (Sewer)
  2 oozes
  4 worms
  A dart slug (D:3)
  2 leopard geckos
  10 orcs
  6 giant cockroaches
  8 goblins
  9 hobgoblins
  9 jackals
  25 kobolds
  3 quokkas
  A ball python (D:3)
  7 bats
  A frilled lizard (D:1)
  A kobold zombie (Sewer)
  17 rats
191 creatures vanquished.

Vanquished Creatures (others)
  2 kobolds (Sewer)
2 creatures vanquished.

Grand Total: 193 creatures vanquished

Notes
Turn   | Place    | Note
-------+----------+-------------------------------------------
     0 | D:1      | Azzok the Demonspawn Fighter began the quest for the Orb.
     0 | D:1      | Reached XP level 1. HP: 18/18 MP: 1/1
    25 | D:1      | Reached skill level 2 in Unarmed Combat
   265 | D:1      | Gained mutation: Your flesh is heat resistant. (rF+)
                  | [demonic ancestry]
   265 | D:1      | Reached XP level 2. HP: 24/24 MP: 2/2
   550 | D:1      | You fall into a shaft and drop 1 floor!
   563 | D:2      | Reached skill level 3 in Unarmed Combat
   687 | D:2      | Gained mutation: You have sharp fingernails. [demonic
                  | ancestry]
   687 | D:2      | Reached XP level 3. HP: 29/29 MP: 3/3
  1518 | D:2      | Reached skill level 4 in Unarmed Combat
  1518 | D:2      | Gained mutation: When hurt, damage is shared between your
                  | health and your magic reserves. [demonic ancestry]
  1518 | D:2      | Reached XP level 4. HP: 35/35 MP: 4/4
  1796 | D:2      | Found a broken altar of Ashenzari.
  1812 | D:2      | Noticed Terence
  1835 | D:2      | Killed Terence
  1912 | D:2      | Reached XP level 5. HP: 41/41 MP: 5/5
  2315 | D:2      | Noticed Sigmund
  2327 | D:2      | Killed Sigmund
  2327 | D:2      | Reached skill level 6 in Unarmed Combat
  2327 | D:2      | Gained mutation: You regenerate magic rapidly. [demonic
                  | ancestry]
  2327 | D:2      | Reached XP level 6. HP: 30/47 MP: 4/6
  2878 | D:3      | Noticed a hippogriff
  2901 | D:3      | Noticed Natasha
  2924 | D:3      | Killed Natasha
  3247 | D:3      | Found a glowing silver altar of Zin.
  3265 | D:3      | Noticed Natasha
  3274 | D:3      | Killed Natasha
  3400 | D:4      | Found a stormy altar of Qazlal.
  3611 | D:4      | Reached skill level 7 in Unarmed Combat
  3645 | D:4      | Found a shimmering altar of Xom.
  3780 | D:4      | Gained mutation: You are partially covered in yellow
                  | scales. (AC +2) [demonic ancestry]
  3780 | D:4      | Reached XP level 7. HP: 49/52 MP: 7/7
  3949 | D:4      | Noticed Grinder
  3960 | D:4      | Paralysed by Grinder for 6 turns
  3969 | D:4      | Killed Grinder
  4218 | D:4      | Reached skill level 8 in Unarmed Combat
  4532 | D:5      | Entered Level 5 of the Dungeon
  4569 | D:5      | Found an ornate altar of the Wu Jian Council.
  4684 | D:5      | Reached XP level 8. HP: 58/58 MP: 8/8
  4740 | D:5      | Reached skill level 9 in Unarmed Combat
  4744 | D:5      | Found a glowing drain.
  4750 | Sewer    | Entered a sewer
  5223 | Sewer    | Found an ancient bone altar of Kikubaaqudgha.
  5694 | D:5      | Found Igetirra's Book Boutique.
  5743 | D:5      | Found an opulent altar of Gozag.
  5837 | D:6      | Reached skill level 10 in Unarmed Combat
  6278 | D:6      | Reached XP level 9. HP: 63/63 MP: 9/9
  6438 | D:6      | Found a staircase to the Ecumenical Temple.
  6500 | Temple   | Entered the Ecumenical Temple
  6505 | Temple   | Became a worshipper of Makhleb the Destroyer
  6713 | D:6      | Found a radiant altar of Vehumet.
  6760 | D:6      | Reached skill level 11 in Unarmed Combat
  7559 | D:7      | Found a snail-covered altar of Cheibriados.
  8731 | D:8      | Found a shimmering blue altar of Sif Muna.
  8811 | D:8      | Noticed a komodo dragon
  8820 | D:8      | Killed a komodo dragon
  8820 | D:8      | Reached skill level 12 in Unarmed Combat
  8842 | D:8      | Noticed a komodo dragon
  8851 | D:8      | Reached * piety under Makhleb
  8855 | D:8      | Slain by a komodo dragon

Illustrated notes

Levels and vault maps discovered:
D:1:      ebering_trefoil_twist, layout_basic
D:2:      layout_loops_corners, evilmike_ruin_ashenzari, uniq_sigmund,
          uniq_terence
D:3:      layout_loops_cross, zin_treasury, lightli_corner_chamber, uniq_natasha
D:4:      layout_basic, nicolae_overflow_crystal_walls,
          lemuel_coloured_pillars_altar, uniq_grinder
D:5:      layout_basic, basic_altar, serial_shops, kennysheep_little_box,
          lightli_sewer_entry_pipes, kennysheep_small_spiral,
          grunt_gozag_statues
D:6:      minmay_inner_zag, layout_loops_corners, vehumet_statue,
          minmay_temple_entry_steel_oval
D:7:      layout_basic, lemuel_round_altar
D:8:      layout_loops_ring, marbit_many_paths, erik_lair_dragon, minivault_24,
          uniq_maggie
Temple:   minmay_freezing_vapour_temple

Skill      XL: |  1  2  3  4  5  6  7  8  9 |
---------------+----------------------------+-----
Unarmed Combat | 2 3 4 6 7 8 10 12 | 12.2
Armour         | 3 |  3.1
Shields        | 3 |  3.1
Fighting       | |  3.4

Action                   |  1- 3 |  4- 6 |  7- 9 || total
-------------------------+-------+-------+-------++-------
Melee: Unarmed           |   111 |   217 |   400 ||   728
Evoke: Wand              |       |       |     9 ||     9
  Use: Scroll            |       |       |    12 ||    12
 Stab: Distracted        |       |       |     1 ||     1
       Sleeping          |       |       |     1 ||     1
Armor: Scale mail        |    55 |    61 |    15 ||   131
       Ring mail         |       |       |    86 ||    86
Dodge: Dodged            |    26 |    35 |    61 ||   122
Block: Kite shield       |    46 |    68 |   227 ||   341
       Reflection        |       |       |    14 ||    14

Table legend: (Time is in decaauts)
 A = Elapsed time spent in this place.
 B = Non-inter-level travel time spent in this place.
 C = Inter-level travel time spent in this place.
 D = Time resting spent in this place.
 E = Time spent auto-exploring this place.
 F = Levels seen in this place.
 G = Mean time per level.
                   A        B        C        D        E       F      G
               +--------+--------+--------+--------+--------+-----+--------+
         Total |   8839 |   8372 |    467 |    849 |   6025 |  10 |  883.9 |
       Dungeon |   8076 |   7609 |    467 |    509 |   5788 |   8 | 1009.5 |
        Temple |     10 |     10 |      0 |      0 |      0 |   1 |   10.0 |
         Sewer |    751 |    751 |      0 |    340 |    237 |   1 |  751.0 |
               +--------+--------+--------+--------+--------+-----+--------+

Top non-repeatable levels by time:
     D:2: 1629 daAuts
     D:6: 1539 daAuts
     D:7: 1168 daAuts
     D:4: 1145 daAuts
     D:1: 1020 daAuts
   Sewer: 751 daAuts
     D:3: 729 daAuts
     D:5: 612 daAuts
     D:8: 232 daAuts
  Temple: 10 daAuts
